 Dungeon Crawl Stone Soup version 0.17.0-24-gcfadda4 (webtiles) character file.

10403 Helmschank the Slicer (level 11, -1/72 HPs)
             Began as a Halfling Hunter on Nov 16, 2015.
             Was a High Priest of Okawaru.
             Slain by a black mamba (16 damage)
             ... on level 2 of the Lair of Beasts.
             The game lasted 01:27:50 (15075 turns).

Helmschank the Slicer (Halfling Hunter)            Turns: 15075, Time: 01:27:50

Health: -1/72      AC: 19    Str: 12    XL:     11   Next: 92%
Magic:  9/11       EV: 14    Int: 10    God:    Okawaru [*****.]
Gold:   409        SH:  0    Dex: 19    Spells: 0 memorised, 10 levels left

rFire  + . .     SeeInvis .     w - +1 rapier (flame)
rCold  + . .     Clarity  .     S - +2 ring mail {rF+}
rNeg   . . .     SustAt   .     (shield restricted)
rPois  .         Gourm    +     g - +0 helmet
rElec  .         Spirit   .     M - +1 cloak {+Inv}
rCorr  .         Warding  .     H - +0 pair of gloves
rMut   .         Stasis   .     A - +0 pair of boots
MR     .....                    D - amulet of the gourmand
Stlth  +++.......               z - +3 ring of protection (curse)
                                u - ring of protection from cold

@: heroism, not resistant to hostile enchantments, fairly stealthy
A: mutation resistance 1
a: Heroism, Finesse, Renounce Religion, Evoke Invisibility


You were on level 2 of the Lair of Beasts.
You worshipped Okawaru.
Okawaru was extremely pleased with you.
You were completely stuffed.

You visited 3 branches of the dungeon, and saw 12 of its levels.

You collected 571 gold pieces.
You spent 162 gold pieces at shops.

Inventory:

Hand Weapons
 e - a +1 hunting sling
 l - a +4 scimitar of flaming
 q - a +2 dagger of speed
 w - a +1 rapier of flaming (weapon)
 G - a +0 dagger of venom
 P - a +0 scimitar of flaming
Missiles
 c - 2 tomahawks of returning (quivered)
 Y - 18 silver sling bullets
 Z - 460 stones
Armour
 f - a +1 scale mail of fire resistance
 g - a +0 helmet (worn)
 s - a +2 ring mail of cold resistance
 A - a +0 pair of boots (worn)
 B - a +0 shield
 H - a +0 pair of gloves (worn)
 J - a +2 chain mail of magic resistance
 M - a +1 cloak of invisibility (worn)
 S - a +2 ring mail of fire resistance (worn)
Jewellery
 d - an uncursed amulet of clarity
 u - a ring of protection from cold (left hand)
 y - an uncursed ring of ice
 z - a cursed +3 ring of protection (right hand)
 D - an amulet of the gourmand (around neck)
Wands
 L - a wand of digging (5)
 O - a wand of cold (9)
 U - a wand of magic darts (15)
 V - a wand of random effects (22)
 W - a wand of magic darts (30)
Scrolls
 k - 3 scrolls of teleportation
 m - 2 scrolls of magic mapping
 n - a scroll of enchant weapon
 r - 5 scrolls of remove curse
 t - 4 scrolls of identify
 I - a scroll of enchant armour
 N - 2 scrolls of fog
Potions
 b - 2 potions of ambrosia
 h - a potion of agility
 v - 4 potions of lignification
 x - a potion of flight
 C - a potion of magic
 K - 2 potions of brilliance
Books
 E - a book of the Tempests

   Spells                             Type                      Level
   a - Static Discharge               Conjuration/Air              3
   b - Lightning Bolt                 Conjuration/Air              5
   c - Fireball                       Conjuration/Fire             5
   d - Tornado                        Air                          9
   e - Shatter                        Earth                        9
 F - a book of Death

   Spells                             Type                      Level
   a - Corpse Rot                     Necromancy                   2
   b - Sublimation of Blood           Necromancy                   2
   c - Agony                          Necromancy                   5
   d - Dispel Undead                  Necromancy                   5
   e - Excruciating Wounds            Charms/Necromancy            5
   f - Bolt of Draining               Conjuration/Necromancy       5
Comestibles
 a - 11 bread rations
 i - 9 slices of pizza
 j - 6 meat rations
 p - 3 beef jerkies
 R - a royal jelly


   Skills:
 - Level 5.7(10.7) Fighting
 - Level 14.0(19.0) Short Blades
 + Level 12.4(17.4) Slings
 - Level 6.2(11.2) Armour
 - Level 2.7(7.7) Dodging
 - Level 1.1(6.1) Stealth
 + Level 8.4(13.4) Shields
 + Level 1.0 Invocations


You had 10 spell levels left.
You didn't know any spells.

Dungeon Overview and Level Annotations

Branches:
Dungeon (9/15)             Temple (1/1) D:4            Lair (2/8) D:9
    Orc: D:9-12

Altars:
Ashenzari
Cheibriados
Dithmenos
Elyvilon
Fedhas
Gozag
Kikubaaqudgha
Makhleb
Nemelex Xobeh
Okawaru
Qazlal
Ru
Sif Muna
Trog
Vehumet
Xom
Yredelemnul
Zin
The Shining One

Shops:
D:6 (   D:8 *


Innate Abilities, Weirdness & Mutations

You are small and have problems with some larger weapons.
You are somewhat resistant to further mutation.


Message History

The black mamba is severely wounded.
* * * LOW HITPOINT WARNING * * *
You feel sick. The black mamba closely misses you.
You closely miss the black mamba.
The black mamba is severely wounded.
* * * LOW HITPOINT WARNING * * *
You feel sick. The black mamba barely misses you.
Drink which item? (? for menu, Esc to quit)
You feel better. The black mamba misses you. The black mamba barely misses you.
A blink frog comes into view.
A blink frog comes into view.
The blink frog croaks.
You hear a croak.
The blink frog gives a loud, deep croak!
The blink frog blinks! 2 blink frogs come into view.
The blink frog moves out of view.
The black mamba bites you.
* * * LOW HITPOINT WARNING * * *
There is a stone staircase leading up here.
The black mamba closely misses you. The black mamba bites you!
You die...

... ......F.... .. ...##
#.....#8F>.8 .... ....#
##.....#.....## #.(..
....###....# #....#.###..(..
...........# ##F+#..#.(.....#
...........###.....#........#
...........##...8..(.#......#
...........#....F..........# #
.............8..@S.8..##...##
........##..............# ..#
.......##.......8.......##..#
.......#†....#.....#.....#.# #
..........8..#........8...#######
.............#..8..#......##P...#
........†...##.....#......#......
............##.....##............
............##.....###.#.##......


You could see a black mamba and 3 blink frogs.

Vanquished Creatures
  Erica (D:9)
  Pikel (D:4)
  Maurice (D:9)
  A komodo dragon (Lair:1)
  An efreet (D:9)
  A troll (D:9)
  A fire drake (Lair:2)
  Grinder (D:5)
  A hungry ghost (D:9)
  14 yaks
  A wraith (D:8)
  A deep elf fighter (D:9)
  A hippogriff (D:7)
  Menkaure (D:5)
  Edmund (D:5)
  A porcupine (Lair:2)
  Duvessa (D:7)
  2 ice beasts (D:6)
  A slave (D:4)
  A black bear (D:6)
  2 orc warriors
  A water moccasin (Lair:1)
  5 phantoms
  2 centaurs (D:8)
  2 ogres
  2 sky beasts
  2 necrophages
  6 crocodiles
  10 giant frogs
  A brain worm (D:8)
  Dowan (D:7)
  4 scorpions
  4 killer bees (D:9)
  2 crimson imps
  5 hounds
  A quasit (D:7)
  A centaur zombie (D:6)
  3 electric eels
  4 jellies
  3 giant frog skeletons
  3 orc priests
  4 iguanas
  A centaur skeleton (D:6)
  6 orc wizards
  6 worker ants
  2 hound zombies
  A hound skeleton (D:9)
  10 adders
  17 river rats
  A shadow imp (D:5)
  2 oozes
  2 adder zombies
  2 worms
  7 giant geckos
  25 orcs
  4 giant cockroaches
  10 goblins
  6 hobgoblins
  8 jackals
  3 kobolds
  6 quokkas
  2 ball pythons
  14 bats
  2 giant gecko skeletons
  7 giant newts
  17 rats
  5 plants
268 creatures vanquished.

Vanquished Creatures (others)
  A giant gecko (D:5)
  A bat (D:9)
  9 fungi
  15 plants
26 creatures vanquished.

Grand Total: 294 creatures vanquished

Notes
Turn   | Place    | Note
--------------------------------------------------------------
     0 | D:1      | Helmschank the Halfling Hunter began the quest for the Orb.
     0 | D:1      | Reached XP level 1. HP: 14/14 MP: 1/1
    40 | D:1      | Reached skill level 1 in Short Blades
   169 | D:1      | Reached XP level 2. HP: 12/19 MP: 2/2
   341 | D:1      | Reached skill level 6 in Slings
   436 | D:1      | Found a shattered altar of Ashenzari.
  1157 | D:1      | Reached XP level 3. HP: 24/24 MP: 3/3
  2008 | D:3      | Reached XP level 4. HP: 29/29 MP: 4/4
  2200 | D:3      | Reached skill level 1 in Armour
  2264 | D:3      | Reached XP level 5. HP: 21/35 MP: 5/5
  3185 | D:4      | Found a glowing silver altar of Zin.
  3187 | D:4      | Found a radiant altar of Vehumet.
  3239 | D:3      | Reached skill level 7 in Slings
  3239 | D:3      | Reached XP level 6. HP: 39/41 MP: 6/6
  3486 | D:4      | Found a shimmering altar of Xom.
  3486 | D:4      | Found a snail-covered altar of Cheibriados.
  3487 | D:4      | Found a blossoming altar of Fedhas.
  3560 | D:4      | Found a staircase to the Ecumenical Temple.
  3570 | Temple   | Entered the Ecumenical Temple
  3607 | Temple   | Became a worshipper of Warmaster Okawaru
  4395 | D:5      | Entered Level 5 of the Dungeon
  4434 | D:5      | Reached skill level 1 in Shields
  4434 | D:5      | Reached XP level 7. HP: 46/46 MP: 7/7
  4505 | D:5      | Reached skill level 5 in Short Blades
  4643 | D:5      | Noticed Edmund
  4673 | D:5      | Reached * piety under Okawaru
  4700 | D:5      | Killed Edmund
  5058 | D:5      | Noticed Menkaure
  5060 | D:5      | Noticed a slave
  5060 | D:5      | Noticed Grinder
  5060 | D:5      | Noticed Pikel
  5061 | D:5      | Noticed a slave
  5062 | D:5      | Noticed a slave
  5243 | D:5      | Killed Menkaure
  5243 | D:5      | Reached skill level 8 in Slings
  5243 | D:5      | Reached XP level 8. HP: 24/54 MP: 8/8
  5411 | D:5      | Paralysed by Grinder for 2 turns
  5436 | D:5      | Killed Grinder
  5502 | D:4      | Killed a slave
  6064 | D:4      | Killed Pikel
  6064 | D:4      | Reached ** piety under Okawaru
  6064 | D:4      | Reached XP level 9. HP: 18/59 MP: 6/9
  6278 | D:5      | Noticed a freed slave
  6601 | D:6      | Reached skill level 9 in Slings
  6709 | D:6      | Found a white marble altar of Elyvilon.
  7046 | D:6      | Reached skill level 5 in Armour
  7293 | D:6      | Reached skill level 5 in Fighting
  7433 | D:6      | Found Jaomn's Weapon Shoppe.
  8061 | D:6      | Reached skill level 5 in Shields
  8106 | D:6      | Reached XP level 10. HP: 49/66 MP: 10/10
  8230 | D:6      | Reached *** piety under Okawaru
  8428 | D:6      | Reached skill level 10 in Short Blades
  8850 | D:7      | Got an ominously black robe
  8861 | D:7      | Identified the +1 robe of Yrghon {rElec rN+ MR- Slay+2} (You found it on level 7 of the Dungeon)
  8999 | D:7      | Reached skill level 10 in Slings
  9102 | D:7      | Noticed Duvessa
  9102 | D:7      | Noticed Dowan
  9141 | D:7      | Killed Duvessa
  9150 | D:7      | Killed Dowan
  9656 | D:8      | Found Umemin's General Store.
  9664 | D:8      | Bought a scroll of enchant armour for 90 gold pieces
  9664 | D:8      | Bought a potion of brilliance for 48 gold pieces
  9664 | D:8      | Bought a scroll of fog for 24 gold pieces
  9811 | D:8      | You fall through a shaft!
 10068 | D:9      | Reached skill level 11 in Short Blades
 10088 | D:9      | Noticed Erica
 10111 | D:9      | Noticed Maurice
 10150 | D:9      | Killed Erica
 10150 | D:9      | Received a gift from Okawaru
 10150 | D:9      | Reached **** piety under Okawaru
 10472 | D:9      | Received a gift from Okawaru
 10472 | D:9      | Reached XP level 11. HP: 60/72 MP: 8/11
 10535 | D:9      | Reached skill level 12 in Short Blades
 10792 | D:9      | Killed Maurice
 11259 | D:9      | Received a gift from Okawaru
 11372 | D:9      | Found a staircase to the Lair.
 12624 | Lair:1   | Entered Level 1 of the Lair of Beasts
 12638 | Lair:1   | Reached skill level 13 in Short Blades
 12837 | D:9      | Received a gift from Okawaru
 13498 | Lair:1   | Reached ***** piety under Okawaru
 14089 | Lair:2   | Noticed a seven-headed hydra
 14691 | Lair:2   | Reached skill level 14 in Short Blades
 14777 | Lair:2   | Reached skill level 1 in Invocations
 15063 | Lair:2   | HP: 1/72 [black mamba (14)]
 15075 | Lair:2   | Slain by a black mamba

Action                   |  1- 3 |  4- 6 |  7- 9 | 10-12 || total
-------------------------+-------+-------+-------+-------++-------
Melee: Short sword       |    65 |       |       |       ||    65
       Rapier            |    11 |   153 |   301 |   618 ||  1083
       Dagger            |       |       |   145 |    46 ||   191
 Fire: Hunting sling     |    45 |    86 |   129 |   411 ||   671
Throw: Stone             |     2 |     3 |     4 |       ||     9
       Tomahawk          |       |       |     1 |    12 ||    13
Invok: Heroism           |       |       |     2 |     6 ||     8
  Use: Scroll            |       |    12 |     2 |     7 ||    21
       Potion            |       |       |     3 |     3 ||     6
  Eat: Chunk             |     3 |     8 |    12 |    33 ||    56
       Fruit             |       |       |     1 |     2 ||     3
       Pizza             |       |       |     1 |       ||     1
